Selects Mechanized Battlegroup
Construct Infanterie Kompanie
Infanterie Officer Quarters
Construct Luftwaffe Kompanie
Luftwaffe Officer Quarters
Selects Wespe Self-propelled Artillery
Wespe Self-propelled Artillery
Selects Zeroing Artillery Barrage
Selects StuG Assault Group
Wespe Self-propelled Artillery
Selects StuG Assault Group
Construct Panzergrenadier Kompanie
Zeroing Artillery Barrage
Selects Panther Heavy Tank